 Dungeon Crawl Stone Soup version 0.22-a0-166-g5351223 (webtiles) character file.

8240 Azzok the Arsonist (level 11, -2/61 HPs)
             Began as a Deep Elf Fire Elementalist on Feb 13, 2018.
             Was a Believer of Vehumet.
             Slain by Joseph
             ... wielding a +7 quarterstaff of speed
              (12 damage)
             ... on level 9 of the Dungeon.
             The game lasted 00:28:56 (11569 turns).

Azzok the Arsonist (Deep Elf Fire Elementalist)    Turns: 11569, Time: 00:28:58

Health: -2/61      AC:  6    Str:  5    XL:     11   Next: 7%
Magic:  8/27       EV: 16    Int: 24    God:    Vehumet [**....]
Gold:   526        SH:  0    Dex: 15    Spells: 17/31 levels left

rFire    + . .     SeeInvis .   u - +4 spear of the Red Skies {pierce, rElec MR+}
rCold    . . .     Gourm    .   (no shield)
rNeg     . . .     Faith    .   a - +0 robe
rPois    .         Spirit   .   (no helmet)
rElec    +         Reflect  .   B - +1 cloak {MR+}
rCorr    .         Harm     .   G - +1 pair of gloves
MR       +++..                  (no boots)
Stlth    ++........             (no amulet)
HPRegen  0.20/turn              F - ring of wizardry
MPRegen  0.20/turn              H - ring of protection from fire

@: no status effects
A: no striking features
a: Renounce Religion


You were on level 9 of the Dungeon.
You worshipped Vehumet.
Vehumet was pleased with you.
You were not hungry.

You visited 2 branches of the dungeon, and saw 10 of its levels.

You collected 526 gold pieces.

Inventory:

Hand Weapons
 i - a +2 hand axe of venom
 m - a +2 short sword of draining
 u - the +4 spear of the Red Skies (weapon) {pierce, rElec MR+}
   (You found it on level 5 of the Dungeon)

   It inflicts extra damage upon your enemies.
   It insulates you from electricity.
   It affects your resistance to hostile enchantments.
Armour
 a - a +0 robe (worn)
 B - a +1 cloak of magic resistance (worn)
 G - a +1 pair of gloves (worn)
Magical Staves
 E - an uncursed staff of poison
Jewellery
 F - a ring of wizardry (left hand)
 H - a ring of protection from fire (right hand)
Wands
 C - a wand of polymorph (10)
Scrolls
 d - 2 scrolls of remove curse
 e - 7 scrolls of identify
 f - a scroll of random uselessness {unknown}
 j - a scroll of teleportation {unknown}
 k - 2 scrolls of enchant armour {unknown}
 l - a scroll of fear {unknown}
 n - a scroll of blinking
 o - 3 scrolls of magic mapping {unknown}
 r - 2 scrolls of immolation {unknown}
 t - 2 scrolls of fog {unknown}
 y - 2 scrolls of noise {unknown}
Potions
 g - a potion of ambrosia {unknown}
 h - 4 potions of agility {unknown}
 p - a potion of degeneration {unknown}
 s - 2 potions of brilliance {unknown}
 v - a potion of cancellation {unknown}
 x - a potion of lignification {unknown}
 z - a potion of curing {unknown}
 A - a potion of mutation {unknown}
 D - a potion of haste
Books
 b - a book of Flames

   Spells                             Type                      Level
   a - Flame Tongue                   Conjuration/Fire             1
   b - Throw Flame                    Conjuration/Fire             2
   c - Conjure Flame                  Conjuration/Fire             3
   d - Inner Flame                    Hexes/Fire                   3
   e - Sticky Flame                   Conjuration/Fire             4
   f - Fireball                       Conjuration/Fire             5
 w - a book of Callings

   Spells                             Type                      Level
   a - Summon Small Mammal            Summoning                    1
   b - Call Imp                       Summoning                    2
   c - Call Canine Familiar           Summoning                    3
   d - Summon Guardian Golem          Hexes/Summoning              3
   e - Summon Lightning Spire         Summoning/Air                4
   f - Summon Ice Beast               Ice/Summoning                4
Comestibles
 c - 16 rations
 q - 12 chunks of flesh


   Skills:
 + Level 4.2 Fighting
 + Level 6.8 Dodging
 - Level 2.4 Stealth
 - Level 10.5 Spellcasting
 + Level 10.3 Conjurations
 + Level 10.8 Fire Magic


You had 17 spell levels left.
You knew the following spells:

 Your Spells              Type           Power        Failure   Level  Hunger
a - Flame Tongue          Conj/Fire      #####        1%          1    None
b - Conjure Flame         Conj/Fire      ######..     1%          3    None
c - Sticky Flame          Conj/Fire      ######..     1%          4    None
d - Fireball              Conj/Fire      ######....   1%          5    ####...
e - Freeze                Ice            ##..         1%          1    None


Dungeon Overview and Level Annotations

Branches:
Dungeon (9/15)             Temple (1/1) D:5
   Lair: D:8-11         Orc: D:9-12

Altars:
Ashenzari
Cheibriados
Dithmenos
Elyvilon
Fedhas
Gozag
Hepliaklqana
Kikubaaqudgha
Makhleb
Nemelex Xobeh
Okawaru
Qazlal
Ru
Sif Muna
Trog
Uskayaw
Vehumet
Wu Jian
Xom
Yredelemnul
Zin
The Shining One

Annotations:
D:3 Ijyb
D:9 Joseph


Message History

Aiming: Flame Tongue (safe; 1% risk of failure)
Press: ? - help, Shift-Dir - straight line, f/p - Joseph
Aim: Joseph, wielding a quarterstaff of speed and wearing a plate armour (severely wounded, covered in liquid flames)
The flame tongue hits Joseph.
Joseph is severely wounded.
Joseph burns!
Joseph hits you with an uncursed quarterstaff of speed.
* * * LOW HITPOINT WARNING * * *
There is an open door here.
You see here a sling bullet.
Casting: Flame Tongue (safe; 1% risk of failure)
Confirm with . or Enter, or press ? or * to list all spells.
Aiming: Sticky Flame (safe; 1% risk of failure)
Press: ? - help, Shift-Dir - straight line, f/p - Joseph
Aim: Joseph, wielding a quarterstaff of speed and wearing a plate armour (almost dead)
The sticky flame hits Joseph.
Joseph is almost dead.
Joseph is covered in liquid flames!
Joseph burns!
Joseph hits you with an uncursed quarterstaff of speed!
You die...

[···▒
▒····▒▒▒▒▒▒▒▒▒▒▒▒▒(····▒
▒▒▒▒▒
▒▒▒·····▒▒▒▒···········▒
▒·····▒··▒·······[(··▒
▒·····▒··▒·······[(··╬
▒·····▒··▒···········▒
▒·····'··'···········▒
▒·····▒··▒·······@···▒
▒·····▒··▒·····▒▒▒'▒▒▒
▒··[··@··▒·····▒ ···
▒····@▒'▒▒·····▒ ···
▒··············▒ ····
▒··············▒
▒··············▒
▒·········▒▒▒▒▒▒
▒·····▒▒▒▒▒ ▒·····'
▒·····▒


You could see Joseph (burning).

Vanquished Creatures
  3 two-headed ogres
  Maurice (D:8)
  A troll (D:9)
  Grinder (D:3)
  The ghost of Azzok the Fighter, an amateur GrMo (D:4)
  A hippogriff (D:9)
  8 yaks
  2 orc warriors
  A porcupine (D:9)
  An ice beast (D:6)
  A phantom (D:9)
  3 sky beasts
  7 ogres
  A necrophage (D:8)
  3 centaurs (D:8)
  A crocodile (D:9)
  3 bullfrogs
  5 killer bees (D:8)
  8 wights
  7 crimson imps
  2 bullfrog zombies
  4 hounds
  8 orc priests
  Crazy Yiuf (D:7)
  3 bullfrog skeletons
  A centaur skeleton (D:8)
  Jessica (D:2)
  Terence (D:3)
  3 iguanas
  7 orc wizards
  6 worker ants
  2 hound zombies
  4 gnolls (D:3)
  10 adders
  A shadow imp (D:6)
  An ooze (D:2)
  An adder skeleton (D:8)
  An adder zombie (D:7)
  2 worms (D:2)
  2 dart slugs
  4 leopard geckos
  25 orcs
  5 giant cockroaches
  10 goblins
  14 hobgoblins
  10 jackals
  11 kobolds
  5 quokkas
  A ball python (D:3)
  4 bats
  4 frilled lizards
  A quokka skeleton (D:2)
  3 rats
217 creatures vanquished.

Vanquished Creatures (others)
  3 fungi (D:9)
3 creatures vanquished.

Grand Total: 220 creatures vanquished

Notes
Turn   | Place    | Note
-------+----------+-------------------------------------------
     0 | D:1      | Azzok the Deep Elf Fire Elementalist began the quest for the Orb.
     0 | D:1      | Reached XP level 1. HP: 10/10 MP: 6/6
   280 | D:1      | Reached XP level 2. HP: 15/15 MP: 5/8
   971 | D:2      | Reached XP level 3. HP: 7/19 MP: 10/10
  1457 | D:2      | Noticed Jessica
  1461 | D:2      | Killed Jessica
  1461 | D:2      | Reached XP level 4. HP: 9/24 MP: 9/12
  2173 | D:3      | Reached XP level 5. HP: 24/28 MP: 9/14
  2256 | D:3      | Learned a level 3 spell: Conjure Flame
  2261 | D:3      | Learned a level 4 spell: Sticky Flame
  2267 | D:3      | Learned a level 5 spell: Fireball
  2359 | D:3      | Reached skill level 5 in Spellcasting
  2650 | D:3      | Found a bloodstained altar of Trog.
  2666 | D:3      | Noticed Terence
  2669 | D:3      | Killed Terence
  2669 | D:3      | Reached skill level 5 in Fire Magic
  2669 | D:3      | Reached XP level 6. HP: 32/32 MP: 11/16
  2775 | D:3      | Noticed Grinder
  2777 | D:3      | Paralysed by Grinder for 7 turns
  2784 | D:3      | Killed Grinder
  2907 | D:3      | Noticed Ijyb
  3633 | D:4      | Noticed a sky beast
  3639 | D:4      | Killed a sky beast
  3639 | D:4      | Reached XP level 7. HP: 20/36 MP: 10/18
  3857 | D:4      | Noticed Azzok's ghost (amateur GrMo)
  4214 | D:4      | Reached skill level 5 in Conjurations
  4426 | D:4      | Found a white marble altar of Elyvilon.
  4519 | D:4      | Found a basalt altar of Yredelemnul.
  4520 | D:4      | Found a sacrificial altar of Ru.
  4588 | D:4      | Killed Azzok's ghost
  4705 | D:4      | Found a sparkling altar of Nemelex Xobeh.
  4706 | D:4      | Found an opulent altar of Gozag.
  4843 | D:5      | Entered Level 5 of the Dungeon
  4860 | D:5      | Found a blossoming altar of Fedhas.
  4866 | D:5      | Reached XP level 8. HP: 41/41 MP: 16/21
  5018 | D:5      | Found a blossoming altar of Fedhas.
  5217 | D:5      | Got a crystal spear
  5218 | D:5      | Identified the +4 spear of the Red Skies {pierce, rElec MR+} (You found it on level 5 of the Dungeon)
  5230 | D:5      | Found a staircase to the Ecumenical Temple.
  5278 | Temple   | Entered the Ecumenical Temple
  5319 | Temple   | Became a worshipper of Vehumet
  5400 | D:5      | Found an ornate altar of the Wu Jian Council.
  5662 | D:6      | Found an iron altar of Okawaru.
  6378 | D:6      | Found a burning altar of Makhleb.
  6378 | D:6      | Found a shimmering altar of Xom.
  6388 | D:6      | HP: 1/41 [crimson imp/dagger of chaos (7)]
  6835 | D:7      | Found a glowing silver altar of Zin.
  6835 | D:7      | Noticed an angel
  6984 | D:7      | Reached XP level 9. HP: 45/45 MP: 12/24
  7587 | D:7      | Found a runed door.
  7591 | D:7      | Noticed Crazy Yiuf
  7596 | D:7      | Killed Crazy Yiuf
  7830 | D:8      | Noticed a two-headed ogre
  7832 | D:8      | Reached * piety under Vehumet
  7832 | D:8      | Offered knowledge of Freeze by Vehumet.
  7935 | D:8      | Killed a two-headed ogre
  7935 | D:8      | Reached skill level 10 in Spellcasting
  8355 | D:8      | Reached skill level 1 in Fighting
  8728 | D:7      | Learned a level 1 spell: Freeze
  8865 | D:8      | HP: 2/47 [poisoned by a killer bee]
  9191 | D:8      | Reached XP level 10. HP: 38/53 MP: 15/26
  9285 | D:8      | Found a hide-covered altar of Uskayaw.
  9379 | D:8      | Noticed Maurice
  9390 | D:8      | Killed Maurice
  9639 | D:8      | Reached skill level 10 in Fire Magic
  9667 | D:8      | Reached skill level 5 in Dodging
 10182 | D:9      | Noticed a two-headed ogre
 10197 | D:9      | Killed a two-headed ogre
 10397 | D:9      | Noticed Joseph
 10799 | D:9      | Offered knowledge of Throw Frost by Vehumet.
 10799 | D:9      | Reached skill level 10 in Conjurations
 10894 | D:9      | Reached ** piety under Vehumet
 10914 | D:9      | Noticed a two-headed ogre
 10937 | D:9      | Killed a two-headed ogre
 11090 | D:9      | Reached XP level 11. HP: 61/61 MP: 14/27
 11569 | D:9      | Slain by Joseph

Vault maps used:
D:1:      lemuel_arrival_broad_hall, hangedman_abyss_or_decor_lesser_grid
D:2:      uniq_jessica
D:3:      lemuel_crystal_altar, uniq_terence, uniq_grinder, uniq_ijyb
D:4:      grunt_temple_overflow_opulence, elyvilon_altar_5, minitemple,
          first_ration
D:5:      nicolae_overflow_hidden_temple, lemuel_round_altar,
          minmay_temple_entry_poolview, basic_altar
D:6:      grunt_temple_overflow_champion_of_chaos, okawaru_ov_weapons_minmay,
          abandoned_shop, minivault_22
D:7:      zin_angel, uniq_crazy_yiuf_cottage
D:8:      marbit_many_paths, grunt_pizzeria, grunt_ministairs_1,
          minmay_fountain_box, uniq_maurice
D:9:      grunt_lair_entry_orc_guard_hut, uniq_joseph
Temple:   jpeg_temple_island

Skill      XL: |  1  2  3  4  5  6  7  8  9 10 |
---------------+-------------------------------+-----
Conjurations   | 2 3 4 5 7 9 10 | 10.3
Fire Magic     | 4 5 6 8 9 10 | 10.8
Spellcasting   | 4 5 6 7 9 10 | 10.5
Dodging        | 3 6 |  6.8
Fighting       | 1 4 |  4.2
Stealth        | |  2.4

Action                   |  1- 3 |  4- 6 |  7- 9 | 10-12 || total
-------------------------+-------+-------+-------+-------++-------
Melee: Hand axe          |    33 |       |       |       ||    33
       Short sword       |     3 |     2 |     5 |       ||    10
       Spear             |       |       |    53 |     7 ||    60
 Cast: Flame Tongue      |    28 |    94 |   208 |   139 ||   469
       Sticky Flame      |       |     4 |    18 |     7 ||    29
       Conjure Flame     |       |     2 |    13 |     9 ||    24
       Fireball          |       |       |    14 |    17 ||    31
       Freeze            |       |       |     3 |    12 ||    15
  Use: Scroll            |     1 |       |     1 |     2 ||     4
       Potion            |       |       |     1 |       ||     1
 Stab: Sleeping          |     3 |       |       |       ||     3
  Eat: Chunk             |     2 |     6 |    17 |     3 ||    28
       Ration            |       |       |     1 |     2 ||     3
Armor: Robe              |     8 |     6 |    12 |     2 ||    28
Dodge: Dodged            |    26 |    25 |    58 |    25 ||   134

Table legend:
 A = Spawn XP
 B = Non-spawn XP
 C = Spawn XP percentage of total XP
 D = Spawn monster count
 E = Non-spawn monster count
 F = Spawn count percentage of total count
 G = Total turns spent on level
                    A         B        C        D         E        F      G
               +---------+---------+-------+---------+---------+-------+---------
         Total |       0 |   11772 |   0.0 |       0 |     217 |   0.0 | 11569
               +---------+---------+-------+---------+---------+-------+---------
           D:1 |       0 |      29 |   0.0 |       0 |      17 |   0.0 |   836
           D:2 |       0 |     149 |   0.0 |       0 |      32 |   0.0 |  1711
           D:3 |       0 |     549 |   0.0 |       0 |      35 |   0.0 |  1393
           D:4 |       0 |     668 |   0.0 |       0 |      14 |   0.0 |   903
           D:5 |       0 |     416 |   0.0 |       0 |      12 |   0.0 |   609
           D:6 |       0 |     774 |   0.0 |       0 |      13 |   0.0 |  1287
           D:7 |       0 |     856 |   0.0 |       0 |      23 |   0.0 |  1244
           D:8 |       0 |    4178 |   0.0 |       0 |      41 |   0.0 |  2319
           D:9 |       0 |    4153 |   0.0 |       0 |      30 |   0.0 |  1185
               +---------+---------+-------+---------+---------+-------+---------
